 Dungeon Crawl Stone Soup version 0.26-a0-949-ga0cc1ef5f6 (webtiles) character file.

Game seed: 17968134220468759439

1580 miscthings the Whirler (level 9, -7/54 HPs)
             Began as a Halfling Hunter on Nov 28, 2020.
             Mangled by an orc warrior
             ... wielding a cursed -2 scimitar
              (19 damage)
             ... on level 5 of the Dungeon.
             The game lasted 00:08:17 (5075 turns).

miscthings the Whirler (Halfling Hunter)            Turns: 5075, Time: 00:08:18

Health: -7/54      AC:  9    Str: 15    XL:     9   Next: 14%
Magic:  9/9        EV: 13    Int: 10    God:
Gold:   364        SH:  0    Dex: 15    Spells: 8/8 levels left

rFire    + . .     SeeInvis .   a - +1 hunting sling
rCold    . . .     Faith    .   (shield restricted)
rNeg     . . .     Spirit   .   y - +2 ring mail {rF+}
rPois    .         Reflect  .   u - +0 helmet
rElec    .         Harm     .   j - +0 cloak
rCorr    .         Rampage  .   (no gloves)
MR       .....                  (no boots)
Stlth    +.........             (no amulet)
HPRegen  0.18/turn              (no ring)
MPRegen  0.11/turn              (no ring)

@: very slow
A: small, mutation resistance 1
a: no special abilities


You were on level 5 of the Dungeon.
You visited 1 branch of the dungeon, and saw 6 of its levels.

You collected 364 gold pieces.

Inventory:

Hand Weapons
 a - a +1 hunting sling (weapon)
 b - a +0 short sword
Missiles
 d - 16 sling bullets
 l - 124 stones (quivered)
Armour
 j - a +0 cloak (worn)
 u - a +0 helmet (worn)
 x - a +1 robe of positive energy
 y - a +2 ring mail of fire resistance (worn)
 A - a +2 buckler of protection
Wands
 f - a wand of flame (5)
 g - a wand of random effects (8)
Scrolls
 c - a scroll of immolation {unknown}
 h - a scroll of amnesia {unknown}
 m - 4 scrolls of remove curse
 o - a scroll of fear {unknown}
 p - a scroll of enchant armour {unknown}
 q - 3 scrolls of blinking
 v - a scroll of teleportation {unknown}
Potions
 e - 2 potions of resistance
 k - 2 potions of heal wounds
 n - 3 potions of magic {unknown}
 r - a potion of flight {unknown}
 s - a potion of attraction {unknown}
 t - 2 potions of haste
 w - a potion of might {unknown}
 z - a potion of lignification {unknown}


   Skills:
 + Level 1.7 Fighting
 - Level 15.4 Slings
 + Level 0.0 Armour
 + Level 2.1 Dodging
 - Level 1.1 Stealth
 * Level 0.0 Shields
 * Level 0.0 Evocations


You had 8 spell levels left.
You didn't know any spells.
Your spell library contained the following spells:

 Spells                   Type           Power        Failure   Level
 Shock                    Conj/Air       #...         58%         1
 Swiftness                Air            #.......     75%         2
 Static Discharge         Conj/Air       #.......     92%         3
 Airstrike                Air            #.........   100%        4
 Lightning Bolt           Conj/Air       #.........   100%        5


Dungeon Overview and Level Annotations

Branches:
Dungeon (6/15)
 Temple: D:4-7

Altars:
Elyvilon
Sif Muna
Vehumet
Zin

Shops:
D:4 (


Innate Abilities, Weirdness & Mutations

You are small and have problems with some larger weapons.
You are somewhat resistant to further mutation.


Message History

Aim: an orc warrior, wielding a -2 scimitar and wearing a +0 plate armour (lightly wounded, 32% to evade)
The puff of flame misses the orc warrior.
Evoke which item? (* to show all) (? for menu, Esc to quit)
Aiming: Throw Flame
Press: ? - help, Shift-Dir - straight line, f/p - orc warrior
Aim: an orc warrior, wielding a -2 scimitar and wearing a +0 plate armour (lightly wounded, 32% to evade)
The puff of flame hits the orc warrior.
The orc warrior is moderately wounded.
The orc warrior is engulfed in a cloud of scalding steam.
The orc warrior hits you with a cursed -2 scimitar.
* * * LOW HITPOINT WARNING * * *
The scorpion is engulfed in a cloud of scalding steam.
Fire: 125 stones
Press: ? - help, Q - select action, (/) - cycle Shift-Dir - straight line, f/p - orc warrior
Aim: an orc warrior, wielding a -2 scimitar and wearing a +0 plate armour (steam, severely wounded)
You shoot a stone. The stone hits the orc warrior.
The orc warrior is almost dead.
You hear a splash.
The orc warrior hits you with a cursed -2 scimitar!!
You die...

≈≈≈≈[..## #....#....# #.#.....#
≈≈≈≈≈≈≈≈###8..8#....# #.#..##.#
≈≈≈≈≈≈≈≈≈≈≈8..8#....# #(#.....#
≈≈≈≈≈≈≈≈≈≈≈≈..≈###.######.#..≈≈≈≈
##≈≈≈≈≈≈≈≈≈≈..≈[≈≈........#≈≈≈≈≈≈
#####≈≈≈≈≈≈..≈≈≈≈≈≈≈###≈≈≈≈≈≈≈≈≈
####≈≈≈..≈≈≈≈≈≈≈≈≈≈≈≈≈≈≈≈≈≈≈
###§..so≈≈≈≈≈≈≈≈≈≈≈≈≈≈≈## #####
#8..8#@≈≈≈≈≈≈≈≈≈≈≈≈### ....#
#8..8####≈≈≈≈≈≈≈#### ....#
#....##.......)...# ....#
#....#####.######.#
....########..## #.# #[#
....'....s...#######)# ##.#####
#...########.#...(.#.# #.......
#...# #.#.###.#.# #....... #...#
#.....#.#.# #.......


You could see an orc warrior and a scorpion.

Vanquished Creatures
  Pikel (D:5)
  Eustachio (D:5)
  Menkaure (D:5)
  Duvessa (D:4)
  A phantom (D:5)
  An ogre (D:5)
  Dowan (D:4)
  A howler monkey (D:4)
  2 hounds
  Crazy Yiuf (D:2)
  An orc priest (D:5)
  A centaur skeleton (D:3)
  3 orc wizards
  Jessica (D:3)
  2 iguanas
  Natasha (thrice) (D:2)
  Robin (D:3)
  4 adders
  An ufetubus (D:5)
  A worm (D:2)
  2 dart slugs
  A leopard gecko (D:3)
  11 orcs
  A ball python (D:2)
  9 bats
  3 giant cockroaches (D:3)
  11 goblins
  14 hobgoblins
  4 jackals
  6 kobolds
  3 frilled lizards
  A jackal zombie (D:5)
  A leopard gecko skeleton (D:4)
  4 rats
100 creatures vanquished.

Vanquished Creatures (others)
  A worker ant (D:4)
1 creature vanquished.

Grand Total: 101 creatures vanquished

Notes
Turn   | Place    | Note
-------+----------+-------------------------------------------
     0 | D:1      | miscthings the Halfling Hunter began the quest for the Orb.
     0 | D:1      | Reached XP level 1. HP: 14/14 MP: 1/1
    94 | D:1      | Reached skill level 6 in Slings
   640 | D:1      | Reached XP level 2. HP: 19/19 MP: 2/2
   983 | D:2      | Found a faded altar of an unknown god.
  1042 | D:2      | Reached skill level 7 in Slings
  1042 | D:2      | Reached XP level 3. HP: 24/24 MP: 3/3
  1126 | D:2      | Found a white marble altar of Elyvilon.
  1174 | D:2      | Found a runed translucent door.
  1175 | D:2      | Noticed Crazy Yiuf
  1556 | D:2      | Noticed Natasha
  1561 | D:2      | Killed Natasha
  1562 | D:2      | Reached skill level 8 in Slings
  1562 | D:2      | Reached XP level 4. HP: 29/29 MP: 4/4
  1586 | D:2      | Noticed Natasha
  1594 | D:2      | Killed Natasha
  1696 | D:2      | Killed Crazy Yiuf
  1697 | D:2      | Reached XP level 5. HP: 34/34 MP: 5/5
  1745 | D:2      | Noticed Natasha
  1749 | D:2      | Killed Natasha
  1750 | D:2      | Reached skill level 9 in Slings
  1854 | D:3      | Noticed Jessica
  1860 | D:3      | Killed Jessica
  1943 | D:3      | Reached XP level 6. HP: 36/39 MP: 6/6
  1993 | D:3      | Reached skill level 10 in Slings
  2058 | D:3      | Noticed Robin
  2067 | D:3      | Killed Robin
  2796 | D:4      | Found a radiant altar of Vehumet.
  3228 | D:4      | Noticed Dowan
  3247 | D:4      | Killed Dowan
  3248 | D:4      | Reached skill level 11 in Slings
  3248 | D:4      | Reached XP level 7. HP: 35/44 MP: 7/7
  3255 | D:4      | Noticed Duvessa
  3266 | D:4      | Killed Duvessa
  3473 | D:4      | Reached skill level 12 in Slings
  3622 | D:4      | Found Dazxeife's Weapon Boutique.
  3889 | D:5      | Entered Level 5 of the Dungeon
  3889 | D:5      | Noticed Eustachio
  4105 | D:5      | Killed Eustachio
  4106 | D:5      | Reached XP level 8. HP: 34/49 MP: 8/8
  4235 | D:5      | Reached skill level 13 in Slings
  4437 | D:5      | Found a glowing silver altar of Zin.
  4437 | D:5      | Found a shimmering blue altar of Sif Muna.
  4534 | D:5      | Noticed Menkaure
  4543 | D:5      | Killed Menkaure
  4544 | D:5      | Reached skill level 14 in Slings
  4852 | D:5      | Noticed Pikel
  4876 | D:5      | Killed Pikel
  4877 | D:5      | Reached skill level 15 in Slings
  4877 | D:5      | Reached XP level 9. HP: 54/54 MP: 9/9
  5075 | D:5      | Mangled by an orc warrior

Illustrated notes

Levels and vault maps discovered:
D:1:      tarquinn_simple_flora_water_e, layout_basic, chequers_mini_garden
D:2:      layout_loops_ring, chequers_ecumenical_altar_twisty, elyvilon_altar_1,
          uniq_natasha, uniq_crazy_yiuf_cottage
D:3:      layout_basic, uniq_robin, uniq_jessica
D:4:      cheibrodos_greedy_goblins, layout_loops_corners, fiery_altar_vehumet,
          serial_shops, nicolae_shop_crystal, uniq_duvessa
D:5:      wander_river, layout_basic, gammafunk_temple_overflow_wave,
          uniq_pikel, uniq_menkaure, uniq_eustachio
D:6:      layout_rooms, serial_shops, shop

Skill      XL: |  1  2  3  4  5  6  7  8 |
---------------+-------------------------+-----
Slings         | 6 7 8 9 11 12 15 | 15.4
Fighting       | |  1.7
Dodging        | |  2.1
Stealth        | |  1.1

Action                   |  1- 3 |  4- 6 |  7- 9 || total
-------------------------+-------+-------+-------++-------
 Fire: Hunting sling     |    93 |   180 |   212 ||   485
Evoke: Wand              |       |     1 |    11 ||    12
  Use: Scroll            |       |       |     5 ||     5
       Potion            |       |       |     2 ||     2
Armor: Leather armour    |     9 |     7 |     3 ||    19
       Robe              |       |       |    24 ||    24
       Ring mail         |       |       |     1 ||     1
Dodge: Dodged            |    22 |    38 |    64 ||   124

Table legend: (Time is in decaauts)
 A = Elapsed time spent in this place.
 B = Non-inter-level travel time spent in this place.
 C = Inter-level travel time spent in this place.
 D = Time resting spent in this place.
 E = Time spent auto-exploring this place.
 F = Levels seen in this place.
 G = Mean time per level.
                   A        B        C        D        E       F      G
               +--------+--------+--------+--------+--------+-----+--------+
         Total |   4937 |   4732 |    205 |    683 |   3196 |   6 |  822.8 |
       Dungeon |   4937 |   4732 |    205 |    683 |   3196 |   6 |  822.8 |
               +--------+--------+--------+--------+--------+-----+--------+

Top non-repeatable levels by time:
     D:4: 1441 daAuts
     D:3: 960 daAuts
     D:2: 929 daAuts
     D:1: 822 daAuts
     D:5: 741 daAuts
     D:6: 42 daAuts
